 Dungeon Crawl Stone Soup version 0.17-a0-1210-g1e4f09d (webtiles) character file.

228 Charly the Chopper (level 6, -7/39 HPs)
             Began as a Gargoyle Berserker on June 4, 2015.
             Was a Follower of Trog.
             Shot with an arrow by a centaur (10 damage)
             ... on level 7 of the Dungeon.
             The game lasted 00:08:03 (411 turns).

Charly the Chopper (Gargoyle Berserker)              Turns: 411, Time: 00:08:03

Health: -7/39      AC:  6    Str: 21    XL:     6   Next: 2%
Magic:  15/15      EV: 12    Int:  7    God:    Trog [*.....]
Gold:   127        SH:  0    Dex: 11    Spells: 0 memorised, 5 levels left

rFire  . . .     SeeInvis .     g - -1 war axe (curse)
rCold  . . .     Clarity  .     b - +0 animal skin
rNeg   + . .     SustAt   .     (no shield)
rPois  ∞         Gourm    .     (no helmet)
rElec  +         Spirit   .     (no cloak)
rCorr  .         Warding  .     (no gloves)
rMut   +         Stasis   .     (no boots)
MR     .....                    d - amulet of resist mutation
Stlth  +.........               (no ring)
                                n - ring of magical power

@: not resistant to hostile enchantments, very unstealthy
A: negative energy resistance 1, electricity resistance, unbreathing,
petrification resistance, rot immunity, AC +4
a: Burn Spellbooks, Berserk, Renounce Religion


You were on level 7 of the Dungeon.
You worshipped Trog.
Trog was aware of your devotion.
You were not hungry.

You visited 2 branches of the dungeon, and saw 8 of its levels.

You collected 127 gold pieces.

Inventory:

Hand weapons
 a - a +0 hand axe
 g - a cursed -1 war axe (weapon)
Armour
 b - a +0 animal skin (worn)
Jewellery
 d - an amulet of resist mutation (around neck)
 n - a ring of magical power (left hand)
Scrolls
 e - 2 scrolls of noise
 i - a scroll of fog {unknown}
 m - a scroll of remove curse {unknown}
 o - a scroll of amnesia {unknown}
Potions
 h - a potion of flight {unknown}
 j - a potion of might
 l - a potion of heal wounds {unknown}
Comestibles
 c - a bread ration
 f - 2 meat rations


   Skills:
 + Level 4.7 Fighting
 * Level 5.1 Axes
 - Level 2.1 Armour
 - Level 1.5 Dodging


You had 5 spell levels left.
You didn't know any spells.

Dungeon Overview and Level Annotations

Branches:
Dungeon (7/15)             Temple (1/1) D:6

Altars:
Ashenzari
Dithmenos
Kikubaaqudgha
Makhleb
Okawaru


Innate Abilities, Weirdness & Mutations

You are resistant to torment.
Your stone body is resilient (AC +4).
You are immune to poison.
You resist negative energy.
You are resistant to electric shocks.
You can survive without breathing.
You are immune to petrification.
You are immune to rotting.


Message History

The helpless adder fails to defend itself.
You slice the adder!!
You kill the adder!
Trog accepts your kill.
You have reached level 6!
Your experience leads to an increase in your attributes!
Your base attributes are Str 21, Int 7, Dex 10.
Increase (S)trength, (I)ntelligence, or (D)exterity?
You feel agile.
A centaur comes into view.
You slash the gnoll!
The gnoll is heavily wounded.
The centaur wields a shortbow.
The centaur shoots an arrow.
The arrow hits you. The gnoll hits you.
The centaur shoots an arrow.
The arrow hits you!
* * * LOW HITPOINT WARNING * * *
Unknown command.
The gnoll shouts!
You feel a little less mighty now.
The centaur shoots an arrow.
The arrow hits you!
You die...

#######
##.....##
##.....?$##
#.....gg@.#
#..g..(...#
#......<..#
#.........#
#c........#
..........##
##..$......
#...[.....#
#.........#


You could see a centaur and 3 gnolls.

Vanquished Creatures
  Blork the orc (D:6)
  A wyvern zombie (D:6)
  A scorpion (D:5)
  A hound zombie (D:6)
  An adder (D:7)
  An ooze (D:2)
  2 adder skeletons (D:2)
  2 orcs
  2 hobgoblins
  A bat (D:6)
  A giant cockroach zombie (D:2)
  2 giant geckos
  A giant gecko zombie (D:2)
  A giant newt (D:4)
  2 goblins
20 creatures vanquished.

Notes
Turn   | Place    | Note
--------------------------------------------------------------
     0 | D:1      | Charly the Gargoyle Berserker began the quest for the Orb.
     0 | D:1      | Reached XP level 1. HP: 14/14 MP: 1/1
    94 | D:2      | Reached XP level 2. HP: 19/19 MP: 2/2
   227 | D:4      | Found a shadowy altar of Dithmenos.
   260 | D:5      | Entered Level 5 of the Dungeon
   261 | D:5      | Noticed a scorpion
   267 | D:5      | Killed a scorpion
   267 | D:5      | Reached skill level 4 in Fighting
   267 | D:5      | Reached XP level 3. HP: 24/24 MP: 3/3
   267 | D:5      | Reached XP level 4. HP: 29/29 MP: 4/4
   322 | D:6      | Noticed Blork the orc
   331 | D:6      | Killed Blork the orc
   331 | D:6      | Reached XP level 5. HP: 18/34 MP: 5/5
   363 | D:6      | Reached skill level 5 in Axes
   382 | D:6      | Found a staircase to the Ecumenical Temple.
   390 | Temple   | Entered the Ecumenical Temple
   407 | D:7      | Reached XP level 6. HP: 17/39 MP: 6/6
   408 | D:7      | Noticed a centaur
   411 | D:7      | Shot with an arrow by a centaur

Vault maps used:
D:1:      sevenhm_arrival_forest_fort_small_5
D:2:      serial_undead, serial_undead_f, serial_undead_c, serial_undead_e,
          serial_undead_a, okawaru_metal_pillars_3, uniq_sigmund
D:3:      old_standard_altar
D:4:      grunt_dithmenos_smoke_and_mirrors, first_bread, minivault_25
D:5:      elyvilon_altar_1, serial_shops, nicolae_shop_trees, st_stairs_4
D:6:      zin_treasury, nicolae_ru_awakened_eye, minitemple, temple_green,
          kennysheep_dice, uniq_blork_the_orc
D:7:      tgw_sif, uniq_crazy_yiuf_cottage
Temple:   circular_temple_6

Action                   |  1- 3 |  4- 6 || total
-------------------------+-------+-------++-------
Melee: Hand axe          |    30 |    24 ||    54
       War axe           |       |     2 ||     2
Invok: Berserk           |     2 |     1 ||     3
  Use: Scroll            |     1 |     2 ||     3
       Potion            |       |     2 ||     2
 Stab: Sleeping          |       |     1 ||     1
  Eat: Fruit             |     5 |       ||     5
